 Dungeon Crawl Stone Soup version 0.30-a0-760-g5a9884bb7c (webtiles) character file.

Game seed: 7091126970905685341

305 jimonade the Cudgeller (level 6, 0/62 HPs)
             Began as an Ogre Warper on Feb 11, 2023.
             Slain by Pikel
             ... wielding a +0 whip of flaming
              (8 damage)
             ... on level 3 of the Dungeon.
             The game lasted 00:08:29 (3429 turns).

jimonade the Cudgeller (Ogre Warper)                Turns: 3429, Time: 00:08:30

Health: 0/62       AC:  3    Str: 18    XL:     6   Next: 39%
Magic:  9/9        EV: 10    Int: 14    God:
Gold:   182        SH:  0    Dex:  8    Spells: 9/9 levels left

rFire   . . .      SeeInvis +    a - +3 whip (venom)
rCold   . . .      Faith    .    (no shield)
rNeg    . . .      Spirit   .    b - +0 robe
rPois   .          Reflect  .    (helmet restricted)
rElec   .          Harm     .    (no cloak)
rCorr   .          Rampage  .    (gloves unavailable)
Will    .....                    (boots unavailable)
Stlth   +                        o - amulet of magic regeneration
HPRegen 0.30/turn                l - ring of see invisible
MPRegen 0.51/turn                (no ring)

@: mighty
A: large, unfitting armour, tough skin 1
a: no special abilities


You were on level 3 of the Dungeon.
You visited 1 branch of the dungeon, and saw 4 of its levels.
You also visited: Sewer.

You collected 182 gold pieces.

Inventory:

Hand Weapons
 a - a +3 whip of venom (weapon)
 g - a +3 dagger
 t - a +0 mace
 y - the +1 mace "Tuneg" {heavy, rPois Stlth+}
   (You found it on level 3 of the Dungeon)

   rPois:     It protects you from poison.
   Stlth:     It makes you more stealthy.
Missiles
 d - 7 boomerangs of dispersal (quivered)
 s - 4 poisoned darts
Armour
 b - a +0 robe (worn)
Magical Staves
 B - a staff of fire
Jewellery
 l - a ring of see invisible (left hand)
 o - an amulet of magic regeneration (around neck)
Wands
 v - a wand of roots (6)
 C - a wand of digging (3)
Scrolls
 c - 2 scrolls of blinking
 h - a scroll of poison {unknown}
 i - a scroll of vulnerability {unknown}
 k - a scroll of fear {unknown}
 m - 2 scrolls of teleportation
 n - a scroll of brand weapon
 w - 2 scrolls of acquirement {unknown}
 A - a scroll of silence {unknown}
Potions
 e - 3 potions of mutation
 f - a potion of brilliance {unknown}
 j - 3 potions of might
 q - 3 potions of magic
 r - 2 potions of cancellation {unknown}
 u - a potion of curing
 x - a potion of experience {unknown}
 z - a potion of flight {unknown}


   Skills:
 + Level 4.1 Fighting
 * Level 4.9 Maces & Flails
 + Level 1.0 Throwing
 + Level 3.1 Dodging
 + Level 0.5 Stealth
 - Level 2.4 Spellcasting
 - Level 2.6 Translocations


You had 9 spell levels left.
You didn't know any spells.
Your spell library contained the following spells:

 Spells                   Type           Power      Damage    Failure   Level
 Blink                    Tloc           18%        N/A       12%         2
 Lesser Beckoning         Tloc           18%        N/A       12%         2
 Teleport Other           Tloc           9%         N/A       22%         3
 Vhi's Electric Charge    Tloc/Air       10%        N/A       36%         3
 Manifold Assault         Tloc           9%         N/A       58%         4


Dungeon Overview and Level Annotations

Branches:
Dungeon (4/15)              Sewer (visited)
 Temple: D:4-7

Altars:

Shops:
D:3 ?!   D:4 (

Annotations:
D:3 Pikel
D:4 Eustachio


Innate Abilities, Weirdness & Mutations

You are too large for most types of armour.
You have tough skin. (AC +1)


Message History

Level annotation: Eustachio, Pikel The hound barely misses you. x2; The hound bites you.
The lemure closely misses you.
Pikel hits you with a +0 whip of flaming.
Pikel burns you. The lemure hits you.
The hound bites you but does no damage. x2
There is a stone staircase leading up, spattered with blood here.
The lemure barely misses you. Pikel barely misses you.
The hound bites you but does no damage. The lemure hits you.
The hound pauses to sniff the ground.
The hound misses you.
You climb upwards.
There is a stone staircase leading down, spattered with blood here.
You feel very mighty all of a sudden. The hound barely misses you.
Pikel hits you with a +0 whip of flaming.
Pikel burns you. The hound bites you.
You feel much better. Pikel barely misses you. The hound barely misses you.
You barely miss Pikel. The hound bites you. Pikel closely misses you.
The hound barely misses you.
You closely miss the hound.
Pikel cracks his whip.
Pikel hits you with a +0 whip of flaming!
Pikel burns you. The hound bites you.
You whack Pikel! Your punch misses Pikel.
Pikel is moderately wounded.
The hound bites you.
Pikel hits you with a +0 whip of flaming!
Pikel burns you.
You whack Pikel!
Pikel is poisoned.
Pikel is heavily wounded.
The hound bites you but does no damage.
Pikel hits you with a +0 whip of flaming!
* * * LOW HITPOINT WARNING * * *
Pikel burns you.
* * * LOW HITPOINT WARNING * * *
The hound closely misses you.
You whack Pikel!
Pikel looks as sick as possible!
Pikel is severely wounded.
Pikel hits you with a +0 whip of flaming!
You die...

#<##.#.#######.#.#
####.#########.#.#
#.#.......#...#
#.#.#####.##### #.#.#
#.# #######.#.# #.#
#....##.#h# #.#
########....##5#h# #.#
..............5K@# #.#
...............### #.#
............#### #.#
######......# #.#
#...........# #.#
#...........##########.#
.......................#
............############
..........###


You could see Pikel (extremely poisoned), 2 lemures and 2 hounds.

Vanquished Creatures
  Pargi (Sewer)
  A lemure (D:3)
  A howler monkey (D:4)
  A jelly (D:3)
  Jessica (D:3)
  An orc wizard (D:4)
  2 adders
  A white imp (D:4)
  A dart slug (D:3)
  2 orcs (D:4)
  4 bats
  5 endoplasms
  4 giant cockroaches
  4 goblins
  7 hobgoblins
  3 jackals (D:2)
  8 kobolds
  2 quokkas
  10 ball pythons
  6 frilled lizards
  A rat (D:1)
66 creatures vanquished.

Notes
Turn   | Place    | Note
-------+----------+-------------------------------------------
     0 | D:1      | jimonade the Ogre Warper began the quest for the Orb.
     0 | D:1      | Reached XP level 1. HP: 22/22 MP: 3/3
   283 | D:1      | Reached XP level 2. HP: 25/29 MP: 5/5
   759 | D:1      | Reached XP level 3. HP: 36/36 MP: 6/6
   847 | D:1      | Found a faded altar of an unknown god.
  1884 | D:3      | Noticed Jessica
  1903 | D:3      | HP: 1/37 [constriction (2)]
  1906 | D:3      | Killed Jessica
  1907 | D:3      | Reached XP level 4. HP: 2/45 MP: 7/7
  2071 | D:3      | Found Baphemon's Distillery.
  2107 | D:3      | Found Kifanul's Magic Scroll Boutique.
  2297 | D:3      | Identified the +1 mace "Tuneg" {heavy, rPois Stlth+}
  2723 | D:4      | Reached XP level 5. HP: 50/53 MP: 8/8
  2728 | D:4      | Found Fonis's Antique Weapon Boutique.
  2751 | D:4      | Found a glowing drain.
  2758 | Sewer    | Entered a sewer
  3065 | Sewer    | Noticed Pargi
  3091 | Sewer    | Killed Pargi
  3092 | Sewer    | Reached XP level 6. HP: 42/62 MP: 9/9
  3306 | D:4      | Noticed Pikel
  3368 | D:4      | Noticed Eustachio
  3429 | D:3      | Slain by Pikel

Illustrated notes

Levels and vault maps discovered:
D:1:      denvon_arrival_waterhouse, layout_loops_ring,
          ebering_ecumenical_altar_box
D:2:      layout_loops_cross
D:3:      layout_basic, serial_shops, shop, shop_fountains, minmay_unequal,
          uniq_jessica
D:4:      layout_layer_cave, portal_sewer_entry_b, serial_shops, shop,
          kennysheep_boxes, uniq_pikel, uniq_eustachio

Skill      XL: |  1  2  3  4  5  6 |
---------------+-------------------+-----
Maces & Flails | 2 3 4 |  4.9
Fighting       | 3 4 |  4.1
Dodging        | 3 |  3.1
Throwing       | |  1.0
Stealth        | |  0.5
Spellcasting   | |  2.4
Translocations | |  2.6

Action                     |  1- 3 |  4- 6 || total
---------------------------+-------+-------++-------
  Melee: Mace              |   131 |       ||   131
         Punch             |     1 |     2 ||     3
         Whip              |    17 |    99 ||   116
    Use: Scroll            |       |     8 ||     8
         Potion            |       |     4 ||     4
 Armour: Robe              |    49 |    28 ||    77
  Dodge: Dodged            |    82 |    67 ||   149

Table legend: (Time is in decaauts)
 A = Elapsed time spent in this place.
 B = Non-inter-level travel time spent in this place.
 C = Inter-level travel time spent in this place.
 D = Time resting spent in this place.
 E = Time spent auto-exploring this place.
 F = Levels seen in this place.
 G = Mean time per level.
                   A        B        C        D        E       F      G
               +--------+--------+--------+--------+--------+-----+--------+
         Total |   3456 |   3246 |    210 |    438 |   1998 |   5 |  691.2 |
       Dungeon |   2957 |   2747 |    210 |    143 |   1917 |   4 |  739.2 |
         Sewer |    499 |    499 |      0 |    295 |     81 |   1 |  499.0 |
               +--------+--------+--------+--------+--------+-----+--------+

Top non-repeatable levels by time:
     D:1: 949 daAuts
     D:3: 946 daAuts
     D:2: 931 daAuts
   Sewer: 499 daAuts
     D:4: 129 daAuts
